 Dungeon Crawl Stone Soup version 0.28-a0-535-g6f645e4c1d (webtiles) character file.

Game seed: 5869214971626741560

233 a11behringer the Cudgeller (level 5, -1/45 HPs)
             Began as a Minotaur Berserker on Sept 27, 2021.
             Was a Believer of Trog.
             Slain by a gnoll (9 damage)
             ... on level 4 of the Dungeon.
             The game lasted 00:11:14 (3315 turns).

a11behringer the Cudgeller (Minotaur Berserker)     Turns: 3315, Time: 00:11:14

Health: -1/45      AC:  2    Str: 21    XL:     5   Next: 74%
Magic:  4/4        EV: 12    Int:  4    God:    Trog [**....]
Gold:   90         SH:  0    Dex: 11    Spells: 4/4 levels left

rFire   . . .      SeeInvis .   a - +0 mace
rCold   . . .      Faith    .   (no shield)
rNeg    . . .      Spirit   .   b - +0 animal skin
rPois   .          Reflect  .   (helmet restricted)
rElec   .          Harm     .   (no cloak)
rCorr   .          Rampage  .   (no gloves)
Will    +++..                   (no boots)
Stlth   +.........              (no amulet)
HPRegen 1.15/turn               f - ring of willpower
MPRegen 0.09/turn               (no ring)

@: strong-willed, on berserk cooldown, regenerating, slowed, very slow
A: horns 2, retaliatory headbutt
a: Renounce Religion, Berserk, Trog's Hand


You were on level 4 of the Dungeon.
You worshipped Trog.
Trog was pleased with you.
You visited 1 branch of the dungeon, and saw 4 of its levels.

You collected 90 gold pieces.

Inventory:

Hand Weapons
 a - a +0 mace (weapon)
 l - a +1 flail of draining
Missiles
 g - 11 sling bullets
 n - 5 boomerangs (quivered)
Armour
 b - a +0 animal skin (worn)
 m - a +0 chain mail
Jewellery
 f - a ring of willpower (left hand)
 j - an amulet of reflection
Wands
 p - a wand of digging (6)
Scrolls
 c - 6 scrolls of identify {unknown}
 h - a scroll of amnesia {unknown}
 i - a scroll of fear {unknown}
 o - a scroll of enchant weapon {unknown}
Potions
 d - a potion of resistance {unknown}
 e - a potion of degeneration {unknown}
 k - a potion of brilliance {unknown}
 q - a potion of might {unknown}


   Skills:
 - Level 3.6 Fighting
 * Level 7.9 Maces & Flails
 - Level 2.4 Armour
 - Level 2.1 Dodging


You had 4 spell levels left.
You didn't know any spells.
Your spell library was empty.

Dungeon Overview and Level Annotations

Branches:
Dungeon (4/15)
 Temple: D:4-7

Altars:
Dithmenos
Zin

Shops:
D:2 ([*


Innate Abilities, Weirdness & Mutations

You have a pair of horns on your head.
You reflexively headbutt those who attack you in melee.


Message History

The gnoll shouts!
You hit the gnoll shaman.
The gnoll shaman is moderately wounded.
The gnoll shaman closely misses you.
You hit the gnoll shaman. Your headbutt misses the gnoll shaman.
The gnoll shaman is heavily wounded.
The gnoll shaman hits you with a +0 club!
The adder skeleton bites you but does no damage.
The gnoll shaman hits you with a +0 club.
You sock the gnoll shaman! You headbutt the gnoll shaman.
The gnoll shaman is almost dead.
The adder skeleton misses you.
The gnoll shaman calls upon its god to speed up the gnoll.
The gnoll seems to speed up.
The adder skeleton closely misses you.
You completely miss the gnoll shaman. You headbutt the gnoll shaman.
You kill the gnoll shaman!
Trog accepts your kill.
You hit the gnoll.
The gnoll is moderately wounded.
The gnoll hits you with a +0 mace. The adder skeleton barely misses you.
The gnoll barely misses you.
You hit the gnoll but do no damage.
The gnoll is moderately wounded.
The gnoll hits you with a +0 mace. The adder skeleton bites you.
The gnoll closely misses you.
The adder skeleton bites you but does no damage.
The gnoll hits you with a +0 mace.
You hit the gnoll but do no damage.
The gnoll is moderately wounded.
The gnoll hits you with a +0 mace.
* * * LOW HITPOINT WARNING * * *
The adder skeleton bites you.
* * * LOW HITPOINT WARNING * * *
The gnoll completely misses you. The adder skeleton closely misses you.
Your skin crawls.
You feel strong-willed. The gnoll hits you with a +0 mace.
* * * LOW HITPOINT WARNING * * *
The adder skeleton barely misses you. The gnoll hits you with a +0 mace!
You die...

#..........
##).##......
##.))# ......
#...## .....
##..## #.g..
##...# #...
#...## #..
##Z.## ###
##@g.#
#.###....##
##.#......##
#.#.......#
#.........##
#....#.#...#
##..........#
#..#..#.#...##
#####........#


You could see a gnoll (fast) and an adder skeleton.

Vanquished Creatures
  A scorpion (D:4)
  A gnoll shaman (D:4)
  2 adders
  5 gnolls
  A worm (D:4)
  A dart slug (D:3)
  5 orcs (D:3)
  3 bats
  6 endoplasms
  4 giant cockroaches
  10 goblins
  3 hobgoblins
  6 kobolds
  5 quokkas
  5 ball pythons
  6 frilled lizards
  4 rats (D:1)
68 creatures vanquished.

Notes
Turn   | Place    | Note
-------+----------+-------------------------------------------
     0 | D:1      | a11behringer the Minotaur Berserker began the quest for the
                  | Orb.
     0 | D:1      | Reached XP level 1. HP: 19/19 MP: 0/0
    32 | D:1      | Reached skill level 4 in Maces & Flails
   178 | D:1      | Reached XP level 2. HP: 25/26 MP: 1/1
   579 | D:1      | Reached skill level 5 in Maces & Flails
   700 | D:1      | Reached XP level 3. HP: 31/31 MP: 2/2
   936 | D:1      | Reached ** piety under Trog
  1427 | D:2      | Found Ekiheazupp's Antique Armour Emporium.
  1454 | D:2      | Found Diown's Antique Weapon Emporium.
  1520 | D:2      | Found Wige's General Store.
  1943 | D:3      | Found a glowing silver altar of Zin.
  1949 | D:3      | Reached skill level 6 in Maces & Flails
  1949 | D:3      | Reached XP level 4. HP: 35/39 MP: 3/3
  2090 | D:3      | Found a shadowy altar of Dithmenos.
  2698 | D:4      | Noticed a scorpion
  2705 | D:4      | Killed a scorpion
  2706 | D:4      | Reached skill level 7 in Maces & Flails
  2706 | D:4      | Reached XP level 5. HP: 23/45 MP: 4/4
  3315 | D:4      | Slain by a gnoll

Illustrated notes

Levels and vault maps discovered:
D:1:      enne_arrival_octagon_isle, layout_basic
D:2:      layout_basic, serial_shops, nicolae_lakefront_shop,
          nicolae_square_shop, shop
D:3:      layout_basic, mainiacjoe_overflow_paths, overflow_temple_1_default
D:4:      layout_cave_pods, okawaru_altar_gauntlet_db,
          nicolae_qazlal_style_of_elements, serial_glass, glass_columns_c,
          glass_columns_a

Skill      XL: |  1  2  3  4 |
---------------+-------------+-----
Maces & Flails | 4 5 6 7 |  7.9
Fighting       | |  3.6
Armour         | |  2.4
Dodging        | |  2.1

Action                   |  1- 3 |  4- 6 || total
-------------------------+-------+-------++-------
Melee: Mace              |    83 |    58 ||   141
       Headbutt          |    14 |     9 ||    23
Invok: Trog's Hand       |       |     3 ||     3
       Berserk           |       |     2 ||     2
 Stab: Sleeping          |     1 |       ||     1
Armor: Animal skin       |    13 |    10 ||    23
Dodge: Dodged            |    56 |    31 ||    87

Table legend: (Time is in decaauts)
 A = Elapsed time spent in this place.
 B = Non-inter-level travel time spent in this place.
 C = Inter-level travel time spent in this place.
 D = Time resting spent in this place.
 E = Time spent auto-exploring this place.
 F = Levels seen in this place.
 G = Mean time per level.
                   A        B        C        D        E       F      G
               +--------+--------+--------+--------+--------+-----+--------+
         Total |   3348 |   2863 |    485 |      0 |   2431 |   4 |  837.0 |
       Dungeon |   3348 |   2863 |    485 |      0 |   2431 |   4 |  837.0 |
               +--------+--------+--------+--------+--------+-----+--------+

Top non-repeatable levels by time:
     D:1: 1199 daAuts
     D:3: 770 daAuts
     D:2: 737 daAuts
     D:4: 641 daAuts
